 Dungeon Crawl Stone Soup version 0.17.1-1-g73c8601 (webtiles) character file.

960123 boajuse the Formicid Barricade (level 27, 0/240 HPs)
             Began as a Formicid Fighter on Dec 14, 2015.
             Was the Champion of Cheibriados.
             Killed by divine providence
             ... invoked by a daeva
              (15 damage)
             ... in Pandemonium on Dec 19, 2015.
             The game lasted 08:57:27 (84576 turns).

boajuse the Formicid Barricade (Formicid Fighter)  Turns: 84576, Time: 08:57:27

Health: 0/240      AC: 38    Str: 50    XL:     27
Magic:  29/42      EV: 27    Int: 30    God:    Cheibriados [******]
Gold:   5431       SH: 33    Dex: 31    Spells: 11 memorised, 22 levels left

rFire  + + .     SeeInvis +     a - +10 morningstar "Ilock" {flame, rN+}
rCold  + + +     Clarity  .     w - +3 gold dragon armour
rNeg   + + +     SustAt   .     i - +0 large shield
rPois  +         Gourm    .     (helmet unavailable)
rElec  .         Spirit   .     I - +2 cloak of Noogasar {+Fly rF+ MP-9}
rCorr  .         Warding  .     Q - +2 pair of gloves {Str+3}
rMut   +         Stasis   +     c - +2 pair of boots of Hahi {MR+ Str+3}
MR     ++++.                    K - amulet of Selec {rMut +Blink rC+ Int+3 Slay+2}
Stlth  ..........               Y - ring of Xom's Sleight of Hands {Str+2 Dex+3 Slay+3}
                                t - ring "Ruene" {rN++ MP+9 Int+4 Slay+2}

@: regenerating, glowing, very slow, incredibly resistant to hostile
enchantments, extremely unstealthy
A: permanent stasis, dig shafts and tunnels, four strong arms, antennae 3,
clumsy 2, cold resistance 1, magic resistance 1, screaming 1
a: Dig, Shaft Self, Bend Time, Temporal Distortion, Slouch, Step From Time,
Renounce Religion, Evoke Flight
}: 5/15 runes: serpentine, barnacled, silver, icy, demonic


You were in Pandemonium.
You worshipped Cheibriados.
Cheibriados was exalted by your worship.
You were hungry.

You visited 12 branches of the dungeon, and saw 61 of its levels.
You visited Pandemonium 1 time, and saw 9 of its levels.
You visited the Abyss 1 time.
You also visited: Sewer and Volcano.

You collected 10118 gold pieces.
You spent 4559 gold pieces at shops.

Inventory:

Hand Weapons
 a - the +10 morningstar "Ilock" (weapon) {flame, rN+}
   (You found it on level 4 of the Depths)

   It has been specially enchanted to burn those struck by it, causing extra
   injury to most foes and up to half again as much damage against particularly
   susceptible opponents.
   It protects you from negative energy.
 b - a +6 arbalest of velocity
 q - a +3 sacred scourge of holy wrath
 C - a +5 triple sword of protection
Missiles
 k - 715 bolts
 n - 101 javelins
 u - 4 javelins of penetration
 W - 9 silver javelins (quivered)
Armour
 c - the +2 pair of boots of Hahi (worn) {MR+ Str+3}
   (You acquired it on level 1 of the Vaults)

   It affects your strength (+3).
   It affects your resistance to hostile enchantments.
 i - a +0 large shield (worn)
 w - a +3 gold dragon armour (worn)
 x - the +3 chain mail of Makhleb's Benevolence {+Inv rElec MR+ Regen+ Dex+2}
   (You acquired it on level 4 of the Shoals)

   It affects your dexterity (+2).
   It insulates you from electricity.
   It affects your resistance to hostile enchantments.
   It lets you turn invisible.
   It increases your rate of regeneration.
 I - the +2 cloak of Noogasar (worn) {+Fly rF+ MP-9}
   (You found it on level 2 of the Shoals)

   It protects you from fire.
   It affects your magic capacity (-9).
   It lets you fly.
 N - the +1 shield "Tafenn" {rPois rC+ SInv}
   (You found it on level 4 of the Shoals)

   It protects you from cold.
   It protects you from poison.
   It lets you see invisible.
 Q - a +2 pair of gloves of strength (worn)
Rods
 r - a +0 rod of shadows (13/13)
   (You took it off a rakshasa on level 2 of the Depths)
 Z - a +2 lightning rod (10/10)
   (You took it off a vault warden on level 5 of the Vaults)
Jewellery
 h - the amulet of the Morning {Clar rElec rF- rC++ Int+3}
   (You found it on level 4 of the Vaults)

   [amulet of clarity]

   It provides mental clarity.
   It affects your intelligence (+3).
   It makes you vulnerable to fire.
   It greatly protects you from cold.
   It insulates you from electricity.
 t - the ring "Ruene" (left hand) {rN++ MP+9 Int+4 Slay+2}
   (You took it off a deep elf annihilator on level 3 of the Elven Halls)

   [ring of magical power]

   It affects your intelligence (+4).
   It affects your accuracy and damage with ranged weapons and melee attacks
   (+2).
   It greatly protects you from negative energy.
   It affects your magic capacity (+9).
 A - the ring of Zoewecye {SustAt rF+ rC- Int+7}
   (You found it in Pandemonium)

   [ring of sustain attributes]

   It sustains your strength, intelligence and dexterity.
   It affects your intelligence (+7).
   It protects you from fire.
   It makes you vulnerable to cold.
 K - the amulet of Selec (around neck) {rMut +Blink rC+ Int+3 Slay+2}
   (You bought it in a shop on level 3 of the Vaults)

   [amulet of resist mutation]

   It protects you from mutation.
   It affects your intelligence (+3).
   It affects your accuracy and damage with ranged weapons and melee attacks
   (+2).
   It protects you from cold.
   It lets you blink.
 O - an uncursed amulet of resist corrosion
 P - the ring "Duell" {+Fly rN+ Slay+2}
   (You bought it in a shop on level 3 of the Vaults)

   [ring of slaying]

   It affects your accuracy and damage with ranged weapons and melee attacks
   (+2).
   It protects you from negative energy.
   It lets you fly.
 Y - the ring of Xom's Sleight of Hands (right hand) {Str+2 Dex+3 Slay+3}
   (You took it off a blood saint in Pandemonium)

   [ring of dexterity]

   It affects your strength (+2).
   It affects your dexterity (+3).
   It affects your accuracy and damage with ranged weapons and melee attacks
   (+3).
Scrolls
 g - 22 scrolls of remove curse
 y - 9 scrolls of immolation
 D - 13 scrolls of fog
 E - 11 scrolls of fear
 R - 3 scrolls of summoning
 S - a scroll of amnesia
 T - 8 scrolls of recharging
Potions
 d - 4 potions of lignification
 e - 15 potions of brilliance
 l - 2 potions of resistance
 m - 33 potions of curing
 o - 5 potions of magic
 v - 4 potions of agility
 z - 8 potions of cancellation
 F - 8 potions of ambrosia
 H - 12 potions of might
 L - 6 potions of heal wounds
Miscellaneous
 p - a phantom mirror
 s - a legendary deck of changes {the Mercenary, drawn: 3}
 B - a plain deck of wonders {drawn: 1}
 G - a box of beasts
 M - a box of beasts
 U - a box of beasts {used: 10}
 V - a legendary deck of changes {the Blade, drawn: 3}
 X - a box of beasts {used: 2}
Comestibles
 f - 29 bread rations
 j - 24 meat rations
 J - 17 royal jellies


   Skills:
 * Level 24.8 Fighting
 + Level 23.6 Maces & Flails
   Level 2.6 Bows
 + Level 20.3 Crossbows
 + Level 8.4 Throwing
 + Level 21.6 Armour
 * Level 16.7 Dodging
 + Level 6.3 Stealth
 O Level 27 Shields
 + Level 15.2 Spellcasting
 + Level 1.0 Conjurations
 + Level 2.6 Hexes
 + Level 6.9 Charms
 + Level 7.7 Necromancy
 + Level 9.5 Translocations
 + Level 10.9 Transmutations
 + Level 1.1 Fire Magic
 + Level 7.2 Earth Magic
 + Level 4.6 Poison Magic
 + Level 17.8 Invocations
 + Level 5.3 Evocations


You had 22 spell levels left.
You knew the following spells:

 Your Spells              Type           Power        Failure   Level  Hunger
a - Stoneskin             Trmt/Erth      ######..     1%          2    None
b - Sticky Flame          Conj/Fire      ####....     61%         4    None
c - Regeneration          Chrm/Necr      ######....   1%          3    None
d - Song of Slaying       Chrm           ######..     1%          2    None
e - Dragon Form           Trmt           ######....   80%         7    #####..
f - Cure Poison           Pois           ######....   1%          2    None
g - Phase Shift           Tloc           ######....   6%          5    None
h - Tukima's Dance        Hex            #####...     12%         3    None
i - Apportation           Tloc           ######....   1%          1    None
j - Confuse               Hex            #####...     12%         3    None
k - Slow                  Hex            #####...     6%          2    None


Dungeon Overview and Level Annotations

Branches:
Dungeon (15/15)            Temple (1/1) D:7            Lair (7/8) D:11
 Shoals (4/4) Lair:6        Snake (4/4) Lair:3        Slime (0/6) Lair:7
    Orc (4/4) D:9             Elf (3/3) Orc:4        Vaults (5/5) D:13
  Crypt (0/3) Vaults:2     Depths (5/5) D:15           Hell (1/1)
    Dis (0/7) Hell            Geh (0/7) Hell            Coc (7/7) Hell
    Tar (0/7) Hell            Zot (5/5) Depths:5

Altars:
Ashenzari
Cheibriados
Dithmenos
Elyvilon
Fedhas
Gozag
Kikubaaqudgha
Makhleb
Nemelex Xobeh
Okawaru
Qazlal
Ru
Sif Muna
Trog
Vehumet
Xom
Yredelemnul
Zin
The Shining One
Beogh

Shops:
D:8 [   D:9 [   Orc:4 *[=%   Snake:1 !   Vaults:1 %[%   Vaults:3 =   Vaults:5 *

Portals:
Hell: Depths:1 Depths:2 Depths:3 Depths:4 Depths:5
Abyss: Depths:1 Depths:4 Depths:5
Pandemonium: Depths:2 Depths:3
Ziggurat: Depths:2
Trove: Elf:2 (give 2 potions of cure mutation)


Innate Abilities, Weirdness & Mutations

You are under a permanent stasis effect.
You can dig through walls and to a lower floor.
Your four strong arms can wield two-handed weapons with a shield.
You have a pair of large antennae on your head (SInv).
You are very clumsy. (Dex -4)
Your flesh is cold resistant.
You are resistant to hostile enchantments.
You occasionally shout uncontrollably at your foes.


Message History

You hear a shout!
The daeva calls down the wrath of Zin upon you.
Something smites you!
* * * LOW HITPOINT WARNING * * *
Drink which item? (? for menu, Esc to quit)
You feel much better.
The daeva calls down the wrath of Zin upon you.
Something smites you!
* * * LOW HITPOINT WARNING * * *
You flatten the daeva like a pancake!!!!
You burn the daeva!
You kill the daeva!
Cheibriados thoroughly appreciates the change of pace.
A daeva comes into view.
It is wielding a long sword of holy wrath.
Evoke which item? (* to show all) (? for menu, Esc to quit)
You open the lid... ...and a larval shockfire beast leaps out!
The daeva calls down the wrath of Zin upon you.
Something smites you!
You die...

### ..##### # .....##### ..#
........### .... ...#......
.....##############.........
....).((#.#.#.#.#.#.#.....#
#(AH)...))..'......#
........#.#@#.#.#.#.#...##
.....##############......#
.... { #........#...... ..#
#.##............ #
#.#.............
.##############....####.......
...................#{ #######
#..........%....#
##.........##...##


You could see a daeva and a friendly larval shockfire beast.

Vanquished Creatures
  4 orbs of fire
  6 ancient liches
  Sojobo (Vaults:4)
  Frederick (Vaults:4)
  22 shard shrikes
  Vashnia (Snake:4)
  4 curse toes
  4 Killer Klowns
  Geryon (Hell)
  14 golden dragons
  A golden dragon (shapeshifter) (Vaults:5)
  Jory (Vaults:3)
  5 bone dragons
  3 Brimstone Fiends (Pan)
  18 Ice Fiends
  6 electric golems
  8 pandemonium lords (Pan)
  15 tentacled monstrosities
  3 Hell Sentinels
  25 Orb Guardians (Zot:5)
  A lich (Vaults:5)
  A deep elf master archer (Elf:3)
  2 deep elf blademasters
  A titan (Vaults:5)
  6 Shadow Fiends (Pan)
  10 Executioners (Pan)
  An eldritch tentacle (Coc:2)
  4 krakens
  8 sphinxes
  A sphinx (shapeshifter) (Depths:1)
  Gastronok (Lair:3)
  17 death cobs
  2 octopode crushers
  5 warmongers (Pan)
  11 tengu reavers
  9 shadow dragons
  20 storm dragons
  6 draconian monks
  Ilsuiw (Shoals:4)
  14 greater nagas
  6 daevas (Pan)
  9 fire giants
  4 corrupters (Pan)
  The ghost of demifrog the Destroyer, an adept OpMo of Nemelex Xobeh (Elf:3)
  Maud (Depths:4)
  4 frost giants
  7 draconian scorchers
  4 ghost moths
  5 draconian knights
  23 cacodemons (Pan)
  5 black suns (Pan)
  9 vault wardens
  Aizul (Elf:2)
  10 deep elf sorcerers
  An iron dragon (Hell)
  5 draconian shifters
  A ghoul (Vaults:2)
  4 angels (Pan)
  5 draconian zealots
  A juggernaut zombie (Depths:4)
  A caustic shrike zombie (Depths:4)
  5 spriggan defenders
  11 balrugs
  29 very ugly things
  An ophan (Pan)
  6 draconian annihilators
  29 stone giants
  16 ironheart preservers
  6 war gargoyles
  12 reapers
  4 elemental wellsprings
  3 salamander firebrands (Hell)
  5 deep elf demonologists
  5 starcursed masses (Abyss:1)
  11 blood saints (Pan)
  7 draconian callers
  3 vampire knights
  5 lorocyprocas
  8 black draconians
  4 apis (Pan)
  11 green draconians
  A dire elephant (Coc:1)
  14 chaos champions (Pan)
  7 purple draconians
  8 red draconians
  3 salamander stormcallers
  14 white draconians
  11 deep elf annihilators
  The ghost of Clownie the Peltast, a journeyman FoFi of the Shining One (D:15)
  15 yellow draconians
  13 mottled draconians
  8 merfolk javelineers
  23 ettins
  6 green deaths (Pan)
  5 deep elf death magi
  3 eidola
  Snorg (Lair:3)
  30 blizzard demons
  19 fire dragons
  7 great orbs of eyes
  The ghost of Sneal the Cleaver, a journeyman MiFi of Yredelemnul (Volcano)
  32 vault guards
  10 merfolk impalers
  Josephine (Lair:5)
  2 kraken zombies
  7 rakshasas
  11 entropy weavers
  A quicksilver dragon zombie (Coc:6)
  4 deep elf high priests
  2 quicksilver dragon skeletons
  16 centaur warriors
  39 ice dragons
  27 naga warriors
  11 yaktaur captains
  4 anacondas (shapeshifter)
  7 hell beasts
  15 monstrous demonspawn (Pan)
  10 anacondas
  2 satyrs (Shoals:4)
  2 alligator snapping turtles
  3 merfolk avatars
  The ghost of DarthKuruptios the Spear-Bearer, a novice MiBe of Trog (D:10)
  3 spriggan air magi
  11 deep troll shamans
  5 hydras
  20 dancing weapons
  9 death yaks
  16 deep troll earth magi
  2 merfolk aquamancers (Shoals:4)
  4 tengu warriors
  A death yak (shapeshifter) (Vaults:5)
  A titan zombie (Coc:5)
  13 shock serpents
  4 spriggan berserkers
  30 naga sharpshooters
  19 ogre magi
  24 deep elf knights
  3 vampire magi
  A titan skeleton (Coc:7)
  39 sun demons
  2 unseen horrors
  26 skeletal warriors
  2 iron trolls (Depths:2)
  2 storm dragon skeletons
  6 infernal demonspawn (Pan)
  2 salamander mystics (Snake:4)
  55 soul eaters
  A death drake (Depths:4)
  4 golden dragon zombies
  5 wizards
  A fire crab (Vaults:4)
  A cherub (Pan)
  25 shadow demons (Pan)
  2 spectral anacondas (Depths:4)
  6 deep elf summoners
  8 anaconda zombies
  5 shadow wraiths
  3 small abominations
  49 deep trolls
  17 hell knights
  A lindwurm (shapeshifter) (Vaults:5)
  10 giant orange brains
  6 hill giants
  10 sea snakes
  52 ice devils
  6 gelid demonspawn (Pan)
  4 shadow dragon zombies
  4 flayed ghosts
  9 putrid demonspawn (Pan)
  2 orange crystal statues (Depths:4)
  A spectral hydra (Depths:4)
  20 naga ritualists
  5 anaconda skeletons
  2 wolf spider zombies
  7 phantasmal warriors
  7 necromancers
  6 orc sorcerers
  A shining eye (Orc:4)
  18 orc knights
  2 stone giant zombies
  29 harpies
  A tengu skeleton (Vaults:4)
  9 torturous demonspawn (Pan)
  23 mana vipers
  13 salamanders
  20 deep elf conjurers
  2 frost giant zombies
  A shadow dragon skeleton (Coc:6)
  An iron dragon zombie (Coc:5)
  6 fauns (Shoals:1)
  87 ugly things
  3 oklob plants
  5 cyclopes
  A griffon (shapeshifter) (Depths:1)
  5 wolf spiders
  19 ironbrand convokers
  13 manticores
  A hornet (Vaults:4)
  3 water nymphs
  7 elephants
  10 guardian serpents
  2 iron dragon skeletons
  36 moths of wrath
  4 elephants (shapeshifter)
  2 fire giant zombies
  14 vault sentinels
  4 frost giant skeletons
  2 dire elephant zombies
  17 griffons
  3 stone giant skeletons
  A guardian serpent (shapeshifter) (Depths:2)
  2 molten gargoyles (Volcano)
  Maurice (D:8)
  13 sirens
  24 sixfirhies
  Joseph (D:8)
  56 black mambas
  An elf zombie (Depths:4)
  43 smoke demons
  5 fire giant skeletons
  24 naga magi
  4 rust devils
  14 spiny frogs
  Psyche (D:8)
  A spiny frog (shapeshifter) (Vaults:2)
  A torpor snail (Lair:6)
  2 emperor scorpion zombies (Coc:7)
  A shock serpent skeleton (Coc:7)
  A catoblepas zombie (Coc:7)
  32 orange demons (Pan)
  8 hellions
  39 yaktaurs
  36 tormentors
  14 komodo dragons
  3 anaconda simulacra
  A yaktaur (shapeshifter) (Depths:5)
  3 efreet (Zot:2)
  13 freezing wraiths
  2 catoblepas skeletons
  A fire drake (shapeshifter) (Depths:3)
  23 red devils
  3 jumping spiders
  2 kobold demonologists
  4 fire drakes (Lair:7)
  A queen bee (shapeshifter) (Vaults:1)
  5 tengu conjurers
  12 trolls
  11 demonic crawlers (Pan)
  2 harpy zombies
  25 deep elf priests
  2 wind drakes (shapeshifter)
  A queen bee (D:13)
  2 komodo dragons (shapeshifter)
  2 hellwings (Pan)
  4 spectral merfolk
  45 large abominations
  2 polar bears
  22 blue devils
  3 raiju (Depths:4)
  13 hydra zombies
  30 merfolk
  A shadow dragon simulacrum (Coc:7)
  Grinder (D:3)
  8 hydra skeletons
  30 slime creatures
  Prince Ribbit (D:6)
  10 alligator zombies
  A troll (shapeshifter) (Vaults:4)
  8 boulder beetles
  4 harpy skeletons
  14 snapping turtles
  37 two-headed ogres
  A fire dragon zombie (Hell)
  4 ice dragon zombies
  47 flying skulls
  2 blink frogs (shapeshifter) (Vaults:1)
  2 ettin zombies
  13 redbacks
  19 blink frogs
  6 air elementals
  A stone giant simulacrum (Coc:7)
  13 ynoxinuls (Pan)
  3 wyverns (D:8)
  2 ice dragon skeletons (Coc:5)
  A redback (shapeshifter) (Depths:2)
  A fire dragon skeleton (Coc:7)
  26 yaks
  A basilisk (shapeshifter) (Depths:2)
  11 shadows
  23 water elementals
  A black mamba zombie (Hell)
  34 deep elf magi
  4 vampires
  A trapdoor spider (shapeshifter) (Vaults:5)
  16 wraiths
  A golden eye (shapeshifter) (Elf:2)
  18 humans (D:13)
  5 spriggans
  An ettin skeleton (Coc:2)
  A steam dragon (D:8)
  25 neqoxecs
  3 fire elementals (Hell)
  6 basilisks
  Grum (D:8)
  3 tarantellas
  13 vampire mosquitoes
  2 hippogriffs (shapeshifter)
  5 hungry ghosts
  15 hippogriffs
  An emperor scorpion simulacrum (Coc:7)
  2 mottled dragons
  42 deep elf fighters
  9 chaos spawn (Pan)
  6 spiny frog zombies
  85 nagas
  2 human simulacra
  15 water moccasins
  A warg (shapeshifter) (D:13)
  25 orc warriors
  25 wolves
  2 hydra simulacra (Depths:4)
  12 wargs
  6 hell hounds
  2 spectral spriggans (Depths:4)
  A merfolk skeleton (Coc:7)
  6 wasps
  8 spiders (Snake:1)
  11 porcupines
  A spiny frog skeleton (Coc:5)
  5 sky beasts
  4 swamp dragon zombies
  2 spectral trolls (Depths:4)
  An alligator simulacrum (Coc:7)
  11 ice beasts
  3 black bears
  2 snapping turtle zombies
  A tengu (shapeshifter) (Vaults:1)
  17 boggarts
  A phantom (D:8)
  An eye of draining (shapeshifter) (D:14)
  4 manticore skeletons
  2 eyes of draining
  A necrophage (Coc:2)
  41 centaurs
  18 crocodiles
  96 ogres
  A brain worm (Lair:3)
  An elf simulacrum (Vaults:1)
  32 giant frogs
  2 human zombies (Vaults:4)
  2 wyvern zombies (D:10)
  A fire crab zombie (Vaults:1)
  A gnoll sergeant (D:11)
  6 big kobolds
  A scorpion (shapeshifter) (Vaults:5)
  A water moccasin skeleton (D:5)
  2 spectral ogres (Depths:4)
  12 scorpions
  26 wights
  A snapping turtle simulacrum (Coc:3)
  3 spectral nagas (Depths:4)
  17 killer bees (D:13)
  4 spectral centaurs (Depths:4)
  24 orc priests
  11 crimson imps
  5 electric eels
  8 hounds
  A lava snake (Volcano)
  6 giant frog skeletons
  4 giant frog zombies
  8 jellies
  Crazy Yiuf (D:3)
  7 centaur zombies
  39 orc wizards
  A quasit (D:7)
  4 centaur skeletons
  3 iron imps (Hell)
  8 iguanas
  A yaktaur simulacrum (Vaults:1)
  A spriggan simulacrum (Depths:4)
  A lightning spire (Zot:1)
  8 worker ants
  43 sheep
  2 hound skeletons
  2 hound zombies
  A mummy (Coc:7)
  A worker ant zombie (D:10)
  24 gnolls
  59 river rats
  4 shadow imps
  27 adders
  11 white imps
  A giant eyeball (Depths:4)
  6 oozes
  2 adder zombies
  3 worms
  An adder skeleton (D:5)
  A giant gecko (D:4)
  222 orcs
  6 giant cockroaches
  32 goblins
  29 hobgoblins
  23 jackals
  28 kobolds
  6 quokkas
  3 ball pythons
  12 bats
  8 giant newts
  11 rats
  2 butterflies (Lair:5)
  3 crawling corpses
  4 fungi
  26 plants
  14 tentacles
  3 tentacle segments (Shoals:3)
4246 creatures vanquished.

Vanquished Creatures (collateral kills)
  Antaeus (Coc:7)
  An ancient lich (Zot:5)
  Louise (Elf:2)
  2 merfolk javelineers (Shoals:4)
  3 merfolk impalers (Shoals:4)
  A merfolk avatar (Shoals:4)
  A deep troll (Depths:5)
  A shadow dragon zombie (Coc:5)
  A deep elf conjurer (Vaults:4)
  A moth of wrath (Zot:5)
  A dire elephant skeleton (Coc:7)
  A freezing wraith (Coc:7)
  A merfolk (Shoals:4)
  A slime creature (Depths:2)
  A flying skull (Coc:5)
  A white imp (Coc:5)
19 creatures vanquished.

Vanquished Creatures (others)
  An eldritch tentacle (Coc:7)
  A fire giant (Vaults:5)
  A draconian knight (Zot:4)
  A draconian scorcher (Zot:1)
  2 elemental wellsprings (Coc:7)
  A shadow wraith (Vaults:1)
  A slime creature (Depths:2)
  A black mamba (Snake:4)
  A red devil (Pan)
  2 merfolk (Shoals:4)
  2 redbacks (Depths:5)
  A water elemental (Coc:2)
  A chaos spawn (Pan)
  A human skeleton (Vaults:1)
  A spectral ogre (Depths:4)
  A spectral naga (Depths:4)
  A wight (Coc:4)
  132 eldritch tentacle segments
  22 fungi
  38 plants
  45 tentacles
  3414 tentacle segments
3671 creatures vanquished.

Grand Total: 7936 creatures vanquished

Notes
Turn   | Place    | Note
--------------------------------------------------------------
     0 | D:1      | boajuse the Formicid Fighter began the quest for the Orb.
     0 | D:1      | Reached XP level 1. HP: 18/18 MP: 1/1
    58 | D:1      | Reached XP level 2. HP: 24/24 MP: 2/2
   192 | D:1      | Reached XP level 3. HP: 22/29 MP: 3/3
  1070 | D:2      | Found a bloodstained altar of Trog.
  1079 | D:2      | Reached skill level 4 in Shields
  1223 | D:2      | Reached XP level 4. HP: 37/37 MP: 4/4
  1242 | D:2      | Reached skill level 1 in Dodging
  1460 | D:2      | Reached XP level 5. HP: 29/42 MP: 5/5
  1552 | D:2      | Gained mutation: Your flesh is cold resistant. [potion of beneficial mutation]
  2298 | D:3      | Reached XP level 6. HP: 43/48 MP: 6/6
  2341 | D:3      | Noticed Grinder
  2587 | D:3      | Reached skill level 5 in Shields
  2643 | D:3      | You fall through a shaft for 2 floors!
  2643 | D:5      | Entered Level 5 of the Dungeon
  3261 | D:5      | Reached XP level 7. HP: 49/55 MP: 7/7
  3483 | D:5      | Noticed a sky beast
  3501 | D:5      | Killed a sky beast
  3501 | D:5      | Reached skill level 5 in Armour
  3601 | D:4      | Reached skill level 6 in Shields
  3777 | D:4      | Found a sparkling altar of Nemelex Xobeh.
  3907 | D:3      | Killed Grinder
  3907 | D:3      | Reached XP level 8. HP: 46/61 MP: 8/8
  4437 | D:3      | Noticed a centaur
  4458 | D:3      | Killed a centaur
  4458 | D:3      | Reached skill level 7 in Shields
  4606 | D:3      | Reached skill level 5 in Fighting
  4885 | D:3      | Noticed Crazy Yiuf
  4895 | D:3      | Killed Crazy Yiuf
  5176 | D:4      | Reached skill level 5 in Maces & Flails
  5176 | D:4      | Reached skill level 1 in Bows
  5923 | D:5      | Reached skill level 8 in Shields
  5944 | D:5      | Reached XP level 9. HP: 66/68 MP: 9/9
  6239 | D:6      | Found a glowing drain.
  6244 | Sewer    | Entered a sewer
  6362 | Sewer    | Found a glowing silver altar of Zin.
  6806 | D:6      | Reached skill level 9 in Shields
  6828 | D:6      | Noticed Prince Ribbit
  6867 | D:6      | Killed Prince Ribbit
  7268 | D:7      | Found a staircase to the Ecumenical Temple.
  7278 | Temple   | Entered the Ecumenical Temple
  7287 | Temple   | Became a worshipper of Cheibriados the Contemplative
  7446 | D:7      | Reached XP level 10. HP: 77/77 MP: 10/10
  7515 | D:7      | Reached skill level 1 in Throwing
  7604 | D:7      | Reached * piety under Cheibriados
  7733 | D:7      | Reached skill level 1 in Invocations
  7907 | D:8      | Reached skill level 10 in Shields
  7993 | D:8      | Found Haoffes's Armour Shoppe.
  8008 | D:8      | Bought the +1 scale mail of Limited Liability {Dex+3} for 289 gold pieces
  8104 | D:8      | Noticed Maurice
  8117 | D:8      | Killed Maurice
  8213 | D:8      | Noticed Psyche
  8226 | D:8      | Killed Psyche
  8345 | D:8      | Noticed Joseph
  8365 | D:8      | Killed Joseph
  8845 | D:8      | Reached XP level 11. HP: 65/84 MP: 13/13
  8894 | D:8      | Found a glowing golden altar of the Shining One.
  8977 | D:8      | Reached skill level 11 in Shields
  9016 | D:8      | Noticed Grum
  9046 | D:8      | Killed Grum
  9046 | D:8      | Reached skill level 1 in Stealth
  9316 | D:8      | Reached ** piety under Cheibriados
  9608 | D:9      | Reached skill level 1 in Evocations
  9729 | D:9      | Found Zidemouch's Armour Boutique.
  9805 | D:9      | Found a staircase to the Orcish Mines.
  9893 | D:9      | Reached *** piety under Cheibriados
 10167 | D:10     | Entered Level 10 of the Dungeon
 10312 | D:10     | Noticed DarthKuruptios's ghost (novice MiBe)
 10331 | D:10     | Killed DarthKuruptios's ghost
 10331 | D:10     | Reached skill level 1 in Crossbows
 10357 | D:9      | Reached skill level 12 in Shields
 10716 | D:10     | Reached skill level 5 in Invocations
 10722 | D:10     | Reached **** piety under Cheibriados
 10978 | D:10     | Got an encrusted scale mail
 11004 | D:10     | Identified the +1 scale mail of Caruisupi {*Confuse rPois Dex+10} (You found it on level 10 of the Dungeon)
 11537 | D:10     | Reached XP level 12. HP: 64/93 MP: 15/15
 12025 | D:11     | Found a staircase to the Lair.
 12485 | D:11     | Found an opulent altar of Gozag.
 12655 | D:11     | Reached ***** piety under Cheibriados
 13108 | Lair:1   | Entered Level 1 of the Lair of Beasts
 13355 | Lair:1   | Noticed a five-headed hydra
 13359 | Lair:1   | Killed a five-headed hydra
 13359 | Lair:1   | Reached skill level 10 in Maces & Flails
 13359 | Lair:1   | Reached skill level 13 in Shields
 13927 | Lair:2   | Reached XP level 13. HP: 101/101 MP: 17/17
 14804 | Lair:3   | Reached ****** piety under Cheibriados
 14918 | Lair:3   | Learned a level 4 spell: Sticky Flame
 14928 | Lair:3   | Found a staircase to the Snake Pit.
 15039 | Lair:3   | Noticed Snorg
 15051 | Lair:3   | Killed Snorg
 15053 | Lair:3   | Noticed Gastronok
 15063 | Lair:3   | Killed Gastronok
 15630 | Lair:4   | Reached skill level 10 in Fighting
 15635 | Lair:4   | Reached skill level 5 in Crossbows
 15725 | Lair:4   | Reached skill level 5 in Dodging
 15733 | Lair:4   | Reached skill level 14 in Shields
 15768 | Lair:4   | Learned a level 2 spell: Stoneskin
 16503 | Lair:5   | Noticed Josephine
 16506 | Lair:5   | Killed Josephine
 16506 | Lair:5   | Reached XP level 14. HP: 58/110 MP: 20/20
 16553 | Lair:5   | Found a radiant altar of Vehumet.
 16781 | Lair:5   | Reached skill level 10 in Armour
 17870 | Lair:6   | Found a dark tunnel.
 17875 | Volcano  | Entered a volcano
 18032 | Volcano  | Noticed Sneal's ghost (journeyman MiFi)
 18043 | Volcano  | Killed Sneal's ghost
 18224 | Volcano  | Found a radiant altar of Vehumet.
 18796 | Lair:6   | Identified a scroll of acquirement
 18983 | Lair:6   | Reached skill level 15 in Shields
 19453 | Lair:6   | Found a staircase to the Shoals.
 19889 | Lair:7   | Found a staircase to the Slime Pits.
 19981 | Lair:7   | Reached XP level 15. HP: 117/117 MP: 21/21
 20076 | Lair:7   | Got a polished long sword
 20078 | Lair:7   | Identified the +2 long sword "Beetleslayer" {speed, rElec rN+++ Str-3 Int+2} (You found it on level 7 of the Lair of Beasts)
 20608 | Lair:7   | Learned a level 3 spell: Regeneration
 20611 | Lair:7   | Learned a level 2 spell: Song of Slaying
 20953 | Lair:7   | Reached skill level 1 in Spellcasting
 21412 | Orc:1    | Entered Level 1 of the Orcish Mines
 23113 | Orc:4    | Entered Level 4 of the Orcish Mines
 23861 | Orc:3    | You fall through a shaft!
 23861 | Orc:4    | Found Zarais's Armour Shop.
 23861 | Orc:4    | Found Wepreir's Food Shoppe.
 23861 | Orc:4    | Found Boticothri's General Store.
 23861 | Orc:4    | Found Vakhlap's Jewellery Shop.
 23887 | Orc:4    | Reached skill level 10 in Invocations
 23962 | Orc:4    | Cast into the Abyss (an ogre mage)
 24133 | Abyss:1  | Reached XP level 16. HP: 87/126 MP: 23/23
 24360 | Abyss:1  | Noticed a bone dragon
 24392 | Abyss:1  | Reached skill level 16 in Shields
 24441 | Orc:4    | Escaped the Abyss
 24442 | Orc:4    | Gained mutation: You are clumsy. (Dex -2) [a shining eye]
 24500 | Orc:4    | Bought a scroll of remove curse for 30 gold pieces
 24501 | Orc:4    | Bought a +6 ring of slaying for 1725 gold pieces
 24555 | Orc:4    | Found a roughly hewn altar of Beogh.
 24617 | Orc:4    | Learned a level 7 spell: Dragon Form
 24846 | Orc:4    | Found a staircase to the Elven Halls.
 25244 | Orc:4    | Bought an uncursed amulet of regeneration for 360 gold pieces
 25498 | D:12     | Reached skill level 1 in Earth Magic
 25761 | D:12     | Got a shimmering scale mail
 25796 | D:12     | Identified the +3 scale mail of Trumpets {rN+ Regen+ Int+4 Dex-4} (You found it on level 12 of the Dungeon)
 26557 | D:13     | Reached skill level 1 in Transmutations
 26841 | D:13     | Found a gate to the Vaults.
 27228 | D:14     | Found a shadowy altar of Dithmenos.
 27564 | D:15     | Entered Level 15 of the Dungeon
 27762 | D:15     | Reached XP level 17. HP: 133/135 MP: 16/25
 28006 | D:15     | Learned a level 2 spell: Cure Poison
 28008 | D:15     | Noticed Clownie's ghost (journeyman FoFi)
 28025 | D:15     | Killed Clownie's ghost
 28396 | D:15     | Found a staircase to the Depths.
 28825 | Snake:1  | Entered Level 1 of the Snake Pit
 29094 | Snake:1  | Reached skill level 17 in Shields
 29347 | Snake:1  | Found Pauvuciu's Distillery.
 29402 | Snake:1  | Bought a potion of heal wounds for 80 gold pieces
 29402 | Snake:1  | Bought a potion of magic for 128 gold pieces
 29402 | Snake:1  | Bought a potion of curing for 48 gold pieces
 29402 | Snake:1  | Bought a potion of curing for 48 gold pieces
 29402 | Snake:1  | Bought a potion of curing for 48 gold pieces
 29402 | Snake:1  | Bought a potion of curing for 48 gold pieces
 29402 | Snake:1  | Bought a potion of curing for 48 gold pieces
 29402 | Snake:1  | Bought a potion of curing for 48 gold pieces
 29402 | Snake:1  | Bought a potion of might for 64 gold pieces
 30305 | Snake:2  | Reached XP level 18. HP: 111/143 MP: 26/26
 30793 | Snake:2  | Found a snail-covered altar of Cheibriados.
 31521 | Snake:3  | Reached skill level 18 in Shields
 31870 | Snake:4  | Entered Level 4 of the Snake Pit
 32591 | Snake:4  | Reached XP level 19. HP: 106/150 MP: 19/28
 33152 | Snake:4  | Reached skill level 1 in Poison Magic
 33877 | Snake:4  | Noticed Vashnia
 33915 | Snake:4  | Killed Vashnia
 34024 | Snake:4  | Reached skill level 15 in Maces & Flails
 34137 | Snake:4  | Reached skill level 19 in Shields
 34366 | Snake:4  | Reached skill level 10 in Crossbows
 34534 | Snake:4  | Reached XP level 20. HP: 159/159 MP: 30/30
 34623 | Snake:4  | Learned a level 5 spell: Phase Shift
 34675 | Snake:4  | Got a serpentine rune of Zot
 35598 | Shoals:1 | Entered Level 1 of the Shoals
 36417 | Shoals:2 | Found a shadowy altar of Dithmenos.
 36615 | Shoals:2 | Reached skill level 1 in Necromancy
 36694 | Shoals:2 | Got a fine cloak
 36715 | Shoals:2 | Identified the +2 cloak of Noogasar {+Fly rF+ MP-9} (You found it on level 2 of the Shoals)
 37941 | Shoals:4 | Entered Level 4 of the Shoals
 38042 | Shoals:4 | Got a spiked shield
 38053 | Shoals:4 | Identified the +1 shield "Tafenn" {rPois rC+ SInv} (You found it on level 4 of the Shoals)
 38129 | Shoals:4 | Noticed Ilsuiw
 38143 | Shoals:4 | Killed Ilsuiw
 38362 | Shoals:4 | Reached XP level 21. HP: 166/166 MP: 22/31
 38391 | Shoals:4 | Got a jewelled chain mail
 38434 | Shoals:4 | Identified the +3 chain mail of Makhleb's Benevolence {+Inv rElec MR+ Regen+ Dex+2} (You acquired it on level 4 of the Shoals)
 38573 | Shoals:4 | Reached skill level 20 in Shields
 38582 | Shoals:4 | Got a barnacled rune of Zot
 40324 | Depths:1 | Entered Level 1 of the Depths
 40557 | Depths:1 | Found a one-way gate to the infinite horrors of the Abyss.
 40639 | Depths:1 | Reached skill level 15 in Fighting
 40760 | Depths:1 | Reached XP level 22. HP: 165/175 MP: 14/33
 40853 | Depths:1 | Found a gateway to Hell.
 41389 | Depths:1 | Reached skill level 15 in Invocations
 41455 | Depths:1 | Got a transparent turquoise ring
 41468 | Depths:1 | Reached skill level 21 in Shields
 41480 | Depths:1 | Reached skill level 15 in Armour
 41723 | Depths:2 | Found a gateway to a ziggurat.
 41893 | Depths:2 | Found a one-way gate leading to the halls of Pandemonium.
 42228 | Depths:2 | Identified the ring of Xom's Bemusement {*Corrode *Confuse rElec rC+ Str+3} (You took it off an ogre mage on level 1 of the Depths)
 42762 | Depths:2 | Identified a +0 rod of shadows (7/13) (You took it off a rakshasa on level 2 of the Depths)
 43824 | Depths:3 | Reached XP level 23. HP: 182/182 MP: 25/34
 44118 | Depths:3 | Reached skill level 1 in Charms
 45691 | Depths:4 | Got a scorched morningstar
 45693 | Depths:4 | Identified the +10 morningstar "Ilock" {flame, rN+} (You found it on level 4 of the Depths)
 45874 | Depths:4 | Reached skill level 22 in Shields
 45921 | Depths:4 | Reached XP level 24. HP: 188/188 MP: 25/34
 45928 | Depths:4 | Learned a level 3 spell: Tukima's Dance
 45930 | Depths:4 | Learned a level 1 spell: Apportation
 46117 | Depths:4 | Gained mutation: You are resistant to hostile enchantments. [potion of beneficial mutation]
 46231 | Depths:4 | Noticed an ancient lich
 46244 | Depths:4 | Killed an ancient lich
 46400 | Depths:4 | Noticed Maud
 46411 | Depths:4 | Killed Maud
 46476 | Depths:4 | Reached skill level 5 in Spellcasting
 46476 | Depths:4 | Reached skill level 1 in Conjurations
 46476 | Depths:4 | Reached skill level 1 in Translocations
 46476 | Depths:4 | Reached skill level 1 in Fire Magic
 46476 | Depths:4 | Reached XP level 25. HP: 196/198 MP: 25/34
 46539 | Depths:4 | Reached XP level 26. HP: 206/206 MP: 25/34
 47046 | Depths:5 | Entered Level 5 of the Depths
 47947 | Depths:5 | Found a gate to the Realm of Zot.
 47967 | Depths:5 | Reached skill level 5 in Throwing
 48122 | Depths:5 | Reached skill level 23 in Shields
 49171 | Vaults:1 | Entered Level 1 of the Vaults
 49413 | Vaults:1 | Got a pair of jewelled boots
 49414 | Vaults:1 | Identified the +2 pair of boots of Hahi {MR+ Str+3} (You acquired it on level 1 of the Vaults)
 49574 | Vaults:1 | Reached XP level 27. HP: 212/214 MP: 24/34
 49658 | Vaults:1 | Found Iceguol's Food Shoppe.
 50264 | Vaults:1 | Found Egacs's Food Shoppe.
 50494 | Vaults:1 | Found Gomel's Armour Shop.
 51579 | Vaults:2 | Found a staircase to the Crypt.
 52341 | Vaults:3 | Noticed Jory
 52345 | Vaults:3 | Killed Jory
 52640 | Vaults:3 | Found Sonacrav's Jewellery Shoppe.
 52659 | Vaults:3 | Bought the ring "Duell" {+Fly rN+ Slay+2} for 480 gold pieces
 52659 | Vaults:3 | Bought the amulet of Selec {rMut +Blink rC+ Int+3 Slay+2} for 1059 gold pieces
 52823 | Vaults:3 | Reached skill level 5 in Earth Magic
 53074 | Vaults:3 | Reached skill level 1 in Hexes
 53136 | Vaults:3 | Reached skill level 24 in Shields
 53286 | Vaults:4 | Noticed Sojobo
 53287 | Vaults:4 | Noticed Frederick
 53305 | Vaults:4 | Killed Sojobo
 53313 | Vaults:4 | Killed Frederick
 53402 | Vaults:4 | Got a twitching garnet amulet
 53404 | Vaults:4 | Identified the amulet of the Morning {Clar rElec rF- rC++ Int+3} (You found it on level 4 of the Vaults)
 53502 | Vaults:4 | Found a portal to a secret trove of treasure.
 54475 | Vaults:5 | Entered Level 5 of the Vaults
 55302 | Vaults:5 | Got a dazzling plate armour
 55303 | Vaults:5 | Identified the +10 plate armour of Wugit {rC++ MR+} (You took it off an orc knight on level 5 of the Vaults)
 55347 | Vaults:5 | Got a faintly glowing tin ring
 55349 | Vaults:5 | Identified the ring "Yhetivy" {Fire *Confuse +Fly Str+4} (You found it on level 5 of the Vaults)
 55362 | Vaults:5 | Got a heavily runed glass ring
 55439 | Vaults:5 | Reached skill level 25 in Shields
 55534 | Vaults:5 | Got a silver rune of Zot
 56057 | Vaults:5 | Reached skill level 5 in Stealth
 56129 | Vaults:5 | Found Ofaekh's General Store.
 56136 | Vaults:5 | Bought a potion of might for 56 gold pieces
 56868 | Vaults:5 | Identified the ring "Xagiumao" {MR+ Dex+2} (You took it off an ironbrand convoker on level 5 of the Vaults)
 57705 | Elf:1    | Entered Level 1 of the Elven Halls
 58820 | Elf:2    | Found a deep blue altar of Sif Muna.
 59026 | Elf:2    | Found a portal to a secret trove of treasure.
 59233 | Elf:2    | Found a huge runed gate.
 59235 | Elf:2    | Found a huge runed gate.
 59235 | Elf:2    | Found a huge runed gate.
 59236 | Elf:2    | Found a huge runed gate.
 59236 | Elf:2    | Found a huge runed gate.
 59284 | Elf:2    | Noticed Aizul
 59284 | Elf:2    | Noticed Louise
 59302 | Elf:2    | Killed Louise
 59459 | Elf:2    | Killed Aizul
 59550 | Elf:2    | Reached skill level 10 in Spellcasting
 59701 | Elf:3    | Entered Level 3 of the Elven Halls
 59742 | Elf:3    | Noticed demifrog's ghost (adept OpMo)
 59751 | Elf:3    | Killed demifrog's ghost
 60428 | Elf:3    | Reached skill level 15 in Crossbows
 60778 | Elf:3    | Got a heavily runed jade ring
 61005 | Elf:3    | Identified the ring "Ruene" {rN++ MP+9 Int+4 Slay+2} (You took it off a deep elf annihilator on level 3 of the Elven Halls)
 61015 | Elf:3    | Learned a level 3 spell: Confuse
 61036 | Elf:3    | Got a faintly humming scale mail
 61037 | Elf:3    | Identified the +5 scale mail of the Bells {rElec rN++ Str-4} (You found it on level 3 of the Elven Halls)
 61125 | Elf:3    | Got a scorched chain mail
 61126 | Elf:3    | Identified the cursed +0 chain mail of Weirdness {Int+7 Stlth-} (You found it on level 3 of the Elven Halls)
 61863 | Hell     | Entered the Vestibule of Hell
 61863 | Hell     | Noticed Geryon
 62351 | Hell     | Killed Geryon
 62522 | Hell     | Reached skill level 26 in Shields
 62728 | Hell     | Found a gateway to the decaying netherworld of Tartarus.
 62807 | Hell     | Reached skill level 5 in Transmutations
 62892 | Hell     | Found a gateway to the Iron City of Dis.
 62918 | Hell     | Found a gateway to the ashen valley of Gehenna.
 63024 | Hell     | Found a gateway to the freezing wastes of Cocytus.
 63618 | Zot:1    | Entered Level 1 of the Realm of Zot
 64255 | Zot:1    | Reached skill level 10 in Dodging
 65579 | Zot:2    | Reached skill level 27 in Shields
 65591 | Zot:2    | Noticed an orb of fire
 65604 | Zot:2    | Gained mutation: You occasionally shout uncontrollably at your foes. [an orb of fire]
 65612 | Zot:2    | Killed an orb of fire
 67870 | Zot:4    | Reached skill level 10 in Transmutations
 68833 | Zot:5    | Entered Level 5 of the Realm of Zot
 69213 | Zot:5    | Reached skill level 5 in Necromancy
 69632 | Zot:5    | Noticed an ancient lich
 69632 | Zot:5    | Noticed an ancient lich
 69640 | Zot:5    | Killed an ancient lich
 69646 | Zot:5    | Killed an ancient lich
 69799 | Zot:5    | Noticed an ancient lich
 69814 | Zot:5    | Killed an ancient lich
 69852 | Zot:5    | Noticed an orb of fire
 69865 | Zot:5    | Noticed an ancient lich
 69874 | Zot:5    | Killed an ancient lich
 69906 | Zot:5    | Noticed an orb of fire
 69931 | Zot:5    | Killed an orb of fire
 70012 | Zot:5    | Noticed an ancient lich
 70070 | Zot:5    | Noticed an orb of fire
 70077 | Zot:5    | Noticed an ancient lich
 70094 | Zot:5    | Killed an orb of fire
 70101 | Zot:5    | Killed an ancient lich
 70165 | Zot:5    | Killed an orb of fire
 70372 | Zot:5    | Reached skill level 5 in Translocations
 70570 | Zot:5    | Killed an ancient lich
 71648 | Coc:1    | Entered Level 1 of Cocytus
 71918 | Coc:2    | Reached skill level 5 in Charms
 72893 | Coc:7    | Entered Level 7 of Cocytus
 73027 | Coc:7    | Reached skill level 5 in Evocations
 74384 | Coc:7    | Got a coiled wooden ring
 74522 | Coc:7    | Noticed Antaeus
 74569 | Coc:7    | Killed Antaeus
 74651 | Coc:7    | Got an icy rune of Zot
 74661 | Coc:7    | Identified the ring "Ontuc" {Wiz rPois rC+ Dex+2} (You found it on level 7 of Cocytus)
 75024 | Pan      | Entered Pandemonium
 75345 | Pan      | Found a huge runed gate.
 75416 | Pan      | Found an exit through the horrors of the Abyss.
 75951 | Pan      | Noticed Ruazoig the pandemonium lord
 76032 | Pan      | Killed Ruazoig the pandemonium lord
 76340 | Pan      | Found an exit through the horrors of the Abyss.
 76524 | Pan      | Noticed Zuism the pandemonium lord
 76536 | Pan      | Killed Zuism the pandemonium lord
 76915 | Pan      | Learned a level 2 spell: Slow
 76970 | Pan      | Got a faintly glowing bronze ring
 76972 | Pan      | Identified the ring of Zoewecye {SustAt rF+ rC- Int+7} (You found it in Pandemonium)
 77325 | Pan      | Found an exit through the horrors of the Abyss.
 77439 | Pan      | Reached skill level 15 in Dodging
 77630 | Pan      | Got an ichor-stained chain mail
 77641 | Pan      | Identified the cursed +1 chain mail of an ossuary {Str+2} (You found it in Pandemonium)
 77971 | Pan      | Found a runed door.
 78480 | Pan      | Noticed Otiaquem the pandemonium lord
 78491 | Pan      | Killed Otiaquem the pandemonium lord
 78531 | Pan      | Found an exit through the horrors of the Abyss.
 78644 | Pan      | Noticed Apasoxt the pandemonium lord
 78676 | Pan      | Killed Apasoxt the pandemonium lord
 78863 | Pan      | Found a gateway to a ziggurat.
 79531 | Pan      | Found an exit through the horrors of the Abyss.
 79603 | Pan      | Got a demonic rune of Zot
 79615 | Pan      | Noticed Yhatwido the pandemonium lord
 79631 | Pan      | Killed Yhatwido the pandemonium lord
 79768 | Pan      | Reached skill level 15 in Spellcasting
 79784 | Pan      | Got a jewelled plate armour
 79785 | Pan      | Identified the cursed +0 plate armour "Loeb" {+Blink MR+ Str+2} (You took it off a chaos champion in Pandemonium)
 80809 | Pan      | Gained mutation: You are very clumsy. (Dex -4) [a cacodemon]
 80833 | Pan      | Found a runed door.
 81000 | Pan      | Noticed Jisux the pandemonium lord
 81013 | Pan      | Killed Jisux the pandemonium lord
 81691 | Pan      | Found an exit through the horrors of the Abyss.
 81873 | Pan      | Got a slimy golden ring
 81877 | Pan      | Identified the ring of Xom's Sleight of Hands {Str+2 Dex+3 Slay+3} (You took it off a blood saint in Pandemonium)
 82827 | Pan      | Noticed Areng the pandemonium lord
 82853 | Pan      | Killed Areng the pandemonium lord
 82948 | Pan      | Found a runed door.
 82948 | Pan      | Found a runed door.
 82970 | Pan      | Found a runed door.
 82970 | Pan      | Found a runed door.
 83106 | Pan      | Found an exit through the horrors of the Abyss.
 83880 | Pan      | Noticed Joah the pandemonium lord
 83892 | Pan      | Killed Joah the pandemonium lord
 84151 | Pan      | Found an exit through the horrors of the Abyss.
 84527 | Pan      | HP: 6/240 [daeva/divine providence (14)]
 84569 | Pan      | HP: 9/240 [daeva/divine providence (10)]
 84573 | Pan      | HP: 4/240 [daeva/divine providence (9)]
 84576 | Pan      | Killed from afar by a daeva

Action                   |  1- 3 |  4- 6 |  7- 9 | 10-12 | 13-15 | 16-18 | 19-21 | 22-24 | 25-27 || total
-------------------------+-------+-------+-------+-------+-------+-------+-------+-------+-------++-------
Melee: Flail             |    75 |   171 |   532 |   123 |       |       |       |       |       ||   901
       Morningstar       |       |       |       |   437 |   260 |       |       |   109 |  3917 ||  4723
       Great mace        |       |       |       |       |   364 |   580 |   541 |   517 |       ||  2002
       Dire flail        |       |       |       |       |       |       |       |    54 |   235 ||   289
       Triple sword      |       |       |       |       |       |       |       |       |     7 ||     7
 Fire: Shortbow          |       |       |   111 |       |       |       |       |       |       ||   111
       Arbalest          |       |       |       |   128 |   449 |   330 |   499 |   175 |  2064 ||  3645
       Blowgun           |       |       |       |     2 |     2 |       |     5 |     4 |    34 ||    47
Throw: Tomahawk          |       |       |     7 |    11 |       |       |       |       |       ||    18
       Javelin           |       |       |     1 |    10 |    38 |    73 |    74 |    85 |   385 ||   666
       Throwing net      |       |       |     1 |     2 |       |     9 |       |       |       ||    12
 Cast: Stoneskin         |       |       |       |       |    12 |    27 |    38 |    21 |   123 ||   221
       Song of Slaying   |       |       |       |       |    10 |     2 |       |       |     7 ||    19
       Cure Poison       |       |       |       |       |       |    10 |    14 |     4 |    32 ||    60
       Regeneration      |       |       |       |       |       |       |    10 |     6 |   167 ||   183
       Phase Shift       |       |       |       |       |       |       |       |       |    13 ||    13
       Tukima's Dance    |       |       |       |       |       |       |       |       |    12 ||    12
       Slow              |       |       |       |       |       |       |       |       |     1 ||     1
Invok: Bend Time         |       |       |     1 |    27 |    19 |    20 |    17 |     8 |    63 ||   155
       Slouch            |       |       |       |     1 |     5 |     5 |    16 |     5 |    39 ||    71
       Step From Time    |       |       |       |       |     1 |       |       |     1 |     7 ||     9
 Abil: Dig               |     8 |    10 |    14 |    18 |    25 |    25 |    35 |    52 |   118 ||   305
       Shaft Self        |       |     1 |       |       |       |       |       |       |       ||     1
       Evoke Flight      |       |       |       |       |       |       |       |     1 |     4 ||     5
Evoke: Wand              |       |     4 |     9 |     4 |    11 |    51 |    40 |    21 |    24 ||   164
       Phial of floods   |       |       |       |       |       |       |     1 |     2 |     1 ||     4
       Stone of tremors  |       |       |       |       |       |       |     1 |     1 |     2 ||     4
       Rod               |       |       |       |       |       |       |       |     2 |    11 ||    13
       Box of beasts     |       |       |       |       |       |       |       |       |    27 ||    27
       Deck              |       |       |       |       |       |       |       |       |     7 ||     7
  Use: Scroll            |     3 |     6 |     6 |    15 |    14 |    14 |    10 |     7 |    39 ||   114
       Potion            |       |     4 |     1 |       |     1 |       |     4 |     8 |    21 ||    39
 Stab: Sleeping          |       |       |       |     1 |     1 |     1 |       |       |       ||     3
       Distracted        |       |       |       |       |       |     1 |       |     2 |     7 ||    10
       Held in net/web   |       |       |       |       |       |     1 |       |       |       ||     1
       Invisible         |       |       |       |       |       |       |     1 |       |       ||     1
       Petrified         |       |       |       |       |       |       |       |       |     3 ||     3
  Eat: Chunk             |     2 |     5 |    14 |    17 |    28 |    16 |    23 |    34 |    90 ||   229
       Pizza             |       |     1 |       |       |       |       |     1 |     3 |     3 ||     8
       Meat ration       |       |     1 |       |       |       |       |       |       |       ||     1
       Fruit             |       |       |       |       |     4 |     6 |    12 |       |    19 ||    41
       Beef jerky        |       |       |       |       |       |     5 |       |       |     3 ||     8
       Royal jelly       |       |       |       |       |       |       |       |       |    11 ||    11
